 Dungeon Crawl Stone Soup version 0.28-a0-1235-g7c8fac35f0 (webtiles) character file.

Game seed: 13644576325034803253

524 r3xj the Cudgeller (level 7, -1/61 HPs)
             Began as a Minotaur Fighter on Dec 24, 2021.
             Killed from afar by an orc wizard (7 damage)
             ... with a magic dart
             ... on level 4 of the Dungeon.
             The game lasted 00:07:37 (5639 turns).

r3xj the Cudgeller (Minotaur Fighter)               Turns: 5639, Time: 00:07:37

Health: -1/61      AC:  8    Str: 22    XL:     7   Next: 2%
Magic:  6/6        EV:  7    Int:  5    God:
Gold:   193        SH:  0    Dex: 10    Spells: 6/6 levels left

rFire   . . .      SeeInvis .   a - +0 flail
rCold   . . .      Faith    .   o - +0 kite shield
rNeg    . . .      Spirit   .   b - +0 scale mail
rPois   .          Reflect  .   (helmet restricted)
rElec   .          Harm     .   n - +0 cloak
rCorr   .          Rampage  .   (no gloves)
Will    .....                   (no boots)
Stlth   ..........              (no amulet)
HPRegen 0.20/turn               (no ring)
MPRegen 0.10/turn               (no ring)

@: confused
A: horns 2, retaliatory headbutt
a: no special abilities


You were on level 4 of the Dungeon.
You visited 1 branch of the dungeon, and saw 5 of its levels.

You collected 193 gold pieces.

Inventory:

Hand Weapons
 a - a +0 flail (weapon)
Missiles
 f - 5 javelins (quivered)
 g - 2 datura-tipped darts
Armour
 b - a +0 scale mail (worn)
 c - a +0 buckler
 n - a +0 cloak (worn)
 o - a +0 kite shield (worn)
Jewellery
 r - a ring of protection from fire
Wands
 p - a wand of iceblast (9)
Scrolls
 d - 4 scrolls of identify {unknown}
 h - a scroll of amnesia {unknown}
 i - 3 scrolls of teleportation {unknown}
 q - 2 scrolls of immolation {unknown}
 t - a scroll of acquirement {unknown}
 u - a scroll of torment {unknown}
 v - a scroll of blinking {unknown}
Potions
 e - a potion of cancellation {unknown}
 j - 2 potions of degeneration {unknown}
 k - a potion of invisibility {unknown}
 l - 2 potions of heal wounds {unknown}
 m - 2 potions of curing
 s - a potion of brilliance {unknown}


   Skills:
 + Level 5.5 Fighting
 * Level 5.9 Maces & Flails
 + Level 5.6 Armour
 + Level 5.0 Shields


You had 6 spell levels left.
You didn't know any spells.
Your spell library contained the following spells:

 Spells                   Type           Power      Damage    Failure   Level
 Ignite Poison            Fire/Tmut/Pois 0%         N/A       100%        3
 Mephitic Cloud           Conj/Pois/Air  0%         N/A       100%        3
 Freezing Cloud           Conj/Ice/Air   0%         6-21      100%        5
 Chain Lightning          Conj/Air       0%         N/A       100%        9
 Fire Storm               Conj/Fire      0%         5d1       100%        9
 Shatter                  Erth           0%         3d5*      100%        9


Dungeon Overview and Level Annotations

Branches:
Dungeon (5/15)
 Temple: D:4-7

Altars:
Hepliaklqana
Ru
Yredelemnul

Annotations:
D:3 3 runed translucent doors, tnk's ghost, amateur HuCA
D:5 Sigmund


Innate Abilities, Weirdness & Mutations

You have a pair of horns on your head.
You reflexively headbutt those who attack you in melee.


Message History

The magic dart hits you but does no damage.
The orc priest calls down the wrath of Beogh upon you.
Pain shoots through your body! The wyvern skeleton bites you.
You are too injured to fight recklessly!
Unknown command.
You are too injured to fight recklessly!
Unknown command.
You are too injured to fight recklessly!
Something hits you but does no damage. The wyvern skeleton bites you.
* * * LOW HITPOINT WARNING * * *
You block the orc priest's attack. Something hits you but does no damage.
You climb upwards.
Reactivating autopickup.
There is a stone staircase leading down here.
Something hits you but does no damage.
Deactivating autopickup; reactivate with Ctrl-A.
The orc priest barely misses you.
You hear some strange, mumbled words.
You are confused.
You hear some strange, mumbled words.
Something tries to affect you, but you resist.
The orc priest completely misses you.
You miss something. Your headbutt misses something.
You hear some strange, mumbled words.
A puff of flame appears from out of thin air!
The puff of flame hits you!
* * * LOW HITPOINT WARNING * * *
The orc priest hits you but does no damage.
Something completely misses you.
The orc priest invokes the aid of Beogh against you.
You struggle to resist.
Something hits you.
* * * LOW HITPOINT WARNING * * *
There is a stone staircase leading down here.
The orc priest closely misses you.
You see here a +0 short sword.
The orc priest barely misses you.
You hear some strange, mumbled words.
A magic dart appears from out of thin air!
The magic dart hits you!
You die...

# #.......# #.#
#####.# # ####.####
#.# #.# # #.# ##.##
#.# # #.# ##...## #.#
# ##.## #.....# #.# #
##...####...## #.# #
#.....####.#########.#
#...)o...............#
#...{@####.###########
##...## #.# ##### #.#
#.# #.# #######.#
#.....#.# ####
#.###.#.########...
##### #.#
#.#.##.......##


You could see an orc priest.

Vanquished Creatures
  A centaur (D:4)
  A wyvern skeleton (D:3)
  A bullfrog zombie (D:4)
  An orc priest (D:4)
  A gnoll shaman (D:4)
  An iguana (D:4)
  Ijyb (D:3)
  Natasha (thrice) (D:2)
  An orc wizard (D:4)
  7 gnolls (D:4)
  A howler monkey skeleton (D:4)
  2 adders
  A shadow imp (D:4)
  An ufetubus (D:4)
  3 orcs
  8 ball pythons
  2 bats
  6 endoplasms
  2 giant cockroaches
  2 goblins
  3 hobgoblins
  2 quokkas
  A frilled lizard (D:1)
  5 kobolds
  3 rats
60 creatures vanquished.

Vanquished Creatures (others)
  A bush (D:4)
1 creature vanquished.

Grand Total: 61 creatures vanquished

Notes
Turn   | Place    | Note
-------+----------+-------------------------------------------
     0 | D:1      | r3xj the Minotaur Fighter began the quest for the Orb.
     0 | D:1      | Reached XP level 1. HP: 19/19 MP: 0/0
   298 | D:1      | Reached XP level 2. HP: 24/27 MP: 1/1
   902 | D:2      | Noticed Natasha
   913 | D:2      | Noticed a crimson imp
   915 | D:2      | Killed Natasha
   916 | D:2      | Reached XP level 3. HP: 21/33 MP: 2/2
  1032 | D:2      | Noticed Natasha
  1043 | D:2      | Killed Natasha
  1044 | D:2      | Reached XP level 4. HP: 11/41 MP: 3/3
  1649 | D:2      | Found a faded altar of an unknown god.
  1650 | D:2      | Noticed Natasha
  1663 | D:2      | Killed Natasha
  2235 | D:3      | Reached XP level 5. HP: 13/47 MP: 4/4
  2500 | D:3      | Noticed Ijyb
  2502 | D:3      | Found a runed translucent gate.
  2502 | D:3      | Found a runed translucent gate.
  2502 | D:3      | Found a runed translucent gate.
  2503 | D:3      | Noticed tnk's ghost (amateur HuCA)
  2512 | D:3      | Killed Ijyb
  2888 | D:3      | Found a hazy altar of Hepliaklqana.
  3228 | D:4      | Reached skill level 5 in Fighting
  3228 | D:4      | Reached skill level 5 in Armour
  3548 | D:4      | Reached skill level 5 in Maces & Flails
  3548 | D:4      | Reached XP level 6. HP: 48/56 MP: 5/5
  3643 | D:4      | Found a basalt altar of Yredelemnul.
  3670 | D:4      | Found a sacrificial altar of Ru.
  4487 | D:4      | Reached skill level 5 in Shields
  4872 | D:4      | Found a sacrificial altar of Ru.
  4943 | D:4      | Found a basalt altar of Yredelemnul.
  5499 | D:5      | Entered Level 5 of the Dungeon
  5501 | D:5      | Noticed Sigmund
  5513 | D:5      | Reached XP level 7. HP: 59/61 MP: 6/6
  5639 | D:4      | Killed from afar by an orc wizard

Illustrated notes

Levels and vault maps discovered:
D:1:      nagdon_arrival_zigzag_paths, layout_loops_ring
D:2:      layout_loops_ring, hellmonk_ecumenical_altar_lost_god, uniq_natasha
D:3:      layout_basic, mainiacjoe_overflow_six_doors_small, serial_curves,
          eino_curves_01, eino_curves_02, ebering_ghost_rock_garden, uniq_ijyb
D:4:      layout_loops_corners, mainiacjoe_overflow_boulevard,
          mainiacjoe_overflow_24_doors
D:5:      cheibrodos_quashed, layout_rooms, nicolae_qazlal_style_of_elements,
          gammafunk_ghost_smash, lightli_minifort, uniq_sigmund

Skill      XL: |  1  2  3  4  5  6 |
---------------+-------------------+-----
Fighting       | 4 5 |  5.5
Maces & Flails | 3 4 5 |  5.9
Armour         | 4 5 |  5.6
Shields        | 4 5 |  5.0

Action                   |  1- 3 |  4- 6 |  7- 9 || total
-------------------------+-------+-------+-------++-------
Melee: Flail             |    51 |   120 |    10 ||   181
       Headbutt          |     8 |    21 |     1 ||    30
  Use: Potion            |       |     1 |       ||     1
Armor: Scale mail        |    20 |    51 |    10 ||    81
Dodge: Dodged            |    25 |    50 |    11 ||    86
Block: Buckler           |    13 |     5 |       ||    18
       Kite shield       |       |    51 |     4 ||    55

Table legend: (Time is in decaauts)
 A = Elapsed time spent in this place.
 B = Non-inter-level travel time spent in this place.
 C = Inter-level travel time spent in this place.
 D = Time resting spent in this place.
 E = Time spent auto-exploring this place.
 F = Levels seen in this place.
 G = Mean time per level.
                   A        B        C        D        E       F      G
               +--------+--------+--------+--------+--------+-----+--------+
         Total |   5698 |   5430 |    268 |    167 |   4686 |   5 | 1139.6 |
       Dungeon |   5698 |   5430 |    268 |    167 |   4686 |   5 | 1139.6 |
               +--------+--------+--------+--------+--------+-----+--------+

Top non-repeatable levels by time:
     D:4: 2436 daAuts
     D:2: 1401 daAuts
     D:3: 1036 daAuts
     D:1: 800 daAuts
     D:5: 23 daAuts
